 Dungeon Crawl Stone Soup version 0.29-a0-892-g2c4c91d9db (webtiles) character file.

Game seed: 13362484230572870322

53 grwns the Vexing (level 3, 0/16 HPs)
             Began as a Spriggan Enchanter on July 22, 2022.
             Slain by a worm (11 damage)
             ... on level 2 of the Dungeon.
             The game lasted 00:02:46 (1588 turns).

grwns the Vexing (Spriggan Enchanter)               Turns: 1588, Time: 00:02:47

Health: 0/16       AC:  2    Str:  6    XL:     3   Next: 64%
Magic:  8/9        EV: 17    Int: 16    God:
Gold:   91         SH:  0    Dex: 15    Spells: 2/10 levels left

rFire   . . .      SeeInvis +   a - +1 dagger (freeze)
rCold   . . .      Faith    .   (no shield)
rNeg    . . .      Spirit   .   b - +0 robe
rPois   .          Reflect  .   (helmet restricted)
rElec   .          Harm     .   (no cloak)
rCorr   .          Rampage  .   (gloves unavailable)
Will    .....                   (boots unavailable)
Stlth   +++.......              (no amulet)
HPRegen 0.05/turn               (no ring)
MPRegen 0.11/turn               (no ring)

@: very quick
A: very small, no large weapons, unfitting armour, see invisible, speed 3
a: no special abilities


You were on level 2 of the Dungeon.
You visited 1 branch of the dungeon, and saw 2 of its levels.

You collected 91 gold pieces.

Inventory:

Hand Weapons
 a - a +1 dagger of freezing (weapon)
Armour
 b - a +0 robe (worn)
Jewellery
 f - a ring of protection from cold
Scrolls
 d - a scroll of brand weapon
 h - a scroll of amnesia
 l - a scroll of fear
Potions
 c - 2 potions of invisibility
 e - a potion of berserk rage {unknown}
 g - 2 potions of heal wounds
 i - a potion of ambrosia {unknown}
 j - a potion of haste {unknown}
 k - a potion of curing {unknown}


   Skills:
 - Level 1.1 Short Blades
 - Level 2.6 Dodging
 - Level 4.4 Stealth
 + Level 4.0 Spellcasting
 + Level 4.7 Hexes


You had 2 spell levels left.
You knew the following spells:

 Your Spells              Type           Power      Damage    Failure   Level
a - Ensorcelled Hibernat  Hex/Ice        20%        N/A       10%         2
b - Tukima's Dance        Hex            18%        N/A       7%          3
d - Confusing Touch       Hex            18%        N/A       7%          3

Your spell library contained the following spells:

 Spells                   Type           Power      Damage    Failure   Level
 Slow                     Hex            72%        N/A       2%          1
 Scorch                   Fire           6%         2d5       26%         2
 Dazzling Flash           Conj/Hex       20%        N/A       19%         3
 Vampiric Draining        Necr           3%         2d6       45%         3
 Flame Wave               Conj/Fire      3%         2d4       86%         4
 Petrify                  Tmut/Erth      3%         N/A       86%         4
 Metabolic Englaciation   Hex/Ice        5%         N/A       87%         5
 Statue Form              Tmut/Erth      2%         N/A       100%        6
 Summon Cactus Giant      Summ           1%         N/A       100%        6


Dungeon Overview and Level Annotations

Branches:
Dungeon (2/15)

Altars:


Innate Abilities, Weirdness & Mutations

You are very small and have problems with some larger weapons.
You are too small for most types of armour.
You have supernaturally acute eyesight. (SInv)
You cover ground extremely quickly. (Speed+++)


Message History

The bat hits you but does no damage.
You hit the bat. You freeze the bat.
You kill the bat!
You closely miss the rat. The rat completely misses you.
You barely miss the rat. The rat completely misses you.
You hit the rat. You freeze the rat.
You kill the rat!
No target in view!
No target in view!
No target in view!
An adder comes into view.
The adder hisses angrily.
You see here a rat corpse.
Cast which spell? (? or * to list)
Aiming: Ensorcelled Hibernation (safe; 10% risk of failure)
Press: ? - help, Shift-Dir - straight line, f - adder
Aim: an adder (chance to affect: 52%)
The adder looks drowsy...
A worm comes into view.
The helpless adder fails to defend itself.
You impale the adder!!
The adder seems to slow down.
You freeze the adder.
You kill the adder!
Your Spellcasting skill increases to level 4!
Found 5 stones and a dagger.
A bat comes into view.
Found 15 gold pieces.
Found a stone staircase leading down.
Found a stone staircase leading up.
The worm bites you.
You hit the worm. You freeze the worm.
The worm is lightly wounded.
You hit the worm. You freeze the worm.
The worm is heavily wounded.
The worm barely misses you.
You completely miss the worm.
The worm is heavily wounded.
The bat misses you.
You hit the worm. You freeze the worm.
The worm is heavily wounded.
The bat completely misses you. The worm bites you!
Ouch! That really hurt!
You die...

#. #.......... #.
#.......#.. #.#
###..........
####..######.†.......##.
.........†...#.......##.
........................
##.......############.
##........### #.
#...b@......(# ..
#...w.....#..# ##.
#...........## ##
#.........###
)............
.##.........###
#....>..$.# #.....<...#


You could see a worm and a bat.

Vanquished Creatures
  An adder (D:2)
  A gnoll (D:1)
  A dart slug (D:1)
  2 ball pythons (D:1)
  4 bats
  2 endoplasms (D:2)
  A giant cockroach (D:1)
  4 goblins (D:1)
  2 hobgoblins (D:1)
  7 kobolds
  2 quokkas (D:1)
  A frilled lizard (D:1)
  4 rats
32 creatures vanquished.

Notes
Turn   | Place    | Note
-------+----------+-------------------------------------------
     0 | D:1      | grwns the Spriggan Enchanter began the quest for the Orb.
     0 | D:1      | Reached XP level 1. HP: 9/9 MP: 5/5
   198 | D:1      | Reached XP level 2. HP: 11/13 MP: 7/7
   201 | D:1      | Learned a level 2 spell: Ensorcelled Hibernation
   801 | D:1      | Reached XP level 3. HP: 16/16 MP: 9/9
   805 | D:1      | Learned a level 3 spell: Confusing Touch
   809 | D:1      | Learned a level 3 spell: Tukima's Dance
  1588 | D:2      | Slain by a worm

Illustrated notes

Levels and vault maps discovered:
D:1:      dpeg_arrival_long_road, layout_basic
D:2:      layout_rooms

Skill      XL: |  1  2  3 |
---------------+----------+-----
Spellcasting   | 3 4 |  4.0
Hexes          | 4 |  4.7
Short Blades   | |  1.1
Dodging        | |  2.6
Stealth        | |  4.4

Action                   || total
-------------------------++-------
Melee: Dagger            ||    72
       Punch             ||     1
 Cast: Ensorcelled Hiber ||     1
  Use: Scroll            ||     6
 Stab: Sleeping          ||    10
Armor: Robe              ||     6
Dodge: Dodged            ||    36

Table legend: (Time is in decaauts)
 A = Elapsed time spent in this place.
 B = Non-inter-level travel time spent in this place.
 C = Inter-level travel time spent in this place.
 D = Time resting spent in this place.
 E = Time spent auto-exploring this place.
 F = Levels seen in this place.
 G = Mean time per level.
                   A        B        C        D        E       F      G
               +--------+--------+--------+--------+--------+-----+--------+
         Total |   1150 |   1133 |     17 |     60 |    876 |   2 |  575.0 |
       Dungeon |   1150 |   1133 |     17 |     60 |    876 |   2 |  575.0 |
               +--------+--------+--------+--------+--------+-----+--------+

Top non-repeatable levels by time:
     D:1: 915 daAuts
     D:2: 235 daAuts
